 Dungeon Crawl Stone Soup version 0.18.1-48-g4cf74bf (webtiles) character file.

193 TuxedoFelix the Skirmisher (level 5, -4/33 HPs)
             Began as a Gargoyle Berserker on July 16, 2016.
             Was a Priest of Trog.
             Slain by Aquadorian's ghost (7 damage)
             ... on level 4 of the Dungeon.
             The game lasted 00:20:05 (3752 turns).

TuxedoFelix the Skirmisher (Gargoyle Berserker)     Turns: 3752, Time: 00:20:06

Health: -4/33      AC: 10    Str: 22    XL:     5   Next: 72%
Magic:  5/5        EV: 10    Int:  7    God:    Trog [***...]
Gold:   235        SH:  0    Dex:  9    Spells: 0 memorised, 4 levels left

rFire  . . .     SeeInvis .     a - +0 hand axe
rCold  . . .     Gourm    .     e - +0 scale mail
rNeg   + . .     Faith    .     (no shield)
rPois  ∞         Spirit   .     (no helmet)
rElec  +         Dismiss  .     (no cloak)
rCorr  .         Reflect  .     (no gloves)
SustAt .         Harm     .     (no boots)
MR     .....                    (no amulet)
Stlth  ..........               (no ring)
                                (no ring)

@: exhausted, slowed, very slow, not resistant to hostile enchantments,
extremely unstealthy
A: negative energy resistance 1, electricity resistance, unbreathing,
petrification resistance, rot immunity, AC +4
a: Berserk, Trog's Hand, Burn Spellbooks, Renounce Religion


You were on level 4 of the Dungeon.
You worshipped Trog.
Trog was most pleased with you.
You were not hungry.

You visited 1 branch of the dungeon, and saw 4 of its levels.

You collected 235 gold pieces.

Inventory:

Hand Weapons
 a - a +0 hand axe (weapon)
Missiles
 d - 116 stones
 u - 3 javelins (quivered)
Armour
 e - a +0 scale mail (worn)
Jewellery
 h - an uncursed amulet of harm {unknown}
 i - an uncursed amulet of guardian spirit {unknown}
Scrolls
 j - 2 scrolls of immolation {unknown}
 k - 3 scrolls of identify {unknown}
 m - 2 scrolls of noise {unknown}
 n - a scroll of fog {unknown}
 q - 5 scrolls of remove curse {unknown}
 s - 4 scrolls of teleportation {unknown}
 v - 3 scrolls of enchant armour {unknown}
Potions
 b - a potion of cure mutation {unknown}
 g - 3 potions of curing {unknown}
 l - 2 potions of ambrosia {unknown}
 p - a potion of invisibility {unknown}
 t - a potion of lignification {unknown}
 w - a potion of heal wounds {unknown}
 x - 2 potions of might {unknown}
Comestibles
 c - a bread ration
 f - 4 meat rations
 o - a beef jerky
 r - 3 fruits


   Skills:
 + Level 4.0 Fighting
 + Level 3.6 Axes
 + Level 1.4 Throwing
 + Level 3.4 Armour
 + Level 2.6 Dodging
 + Level 0.5 Stealth


You had 4 spell levels left.
You didn't know any spells.

Dungeon Overview and Level Annotations

Branches:
Dungeon (4/15)
 Temple: D:4-7

Altars:
Fedhas
Gozag
Qazlal
Zin

Annotations:
D:4 Aquadorian's ghost, novice MiFi


Innate Abilities, Weirdness & Mutations

You are resistant to torment.
Your stone body is resilient (AC +4).
You are immune to poison.
You resist negative energy.
You are resistant to electric shocks.
You can survive without breathing.
You are immune to petrification.
You are immune to rotting.


Message History

You feel quite a bit more hungry. Aquadorian's ghost hits you.
You slash Aquadorian's ghost!
Aquadorian's ghost is moderately damaged.
Aquadorian's ghost misses you.
You hit Aquadorian's ghost but do no damage.
Aquadorian's ghost is moderately damaged.
Aquadorian's ghost hits you.
* * * LOW HITPOINT WARNING * * *
Unknown command.
You slash Aquadorian's ghost!
Aquadorian's ghost is moderately damaged.
Aquadorian's ghost hits you!
* * * LOW HITPOINT WARNING * * *
You are too berserk!
You feel a strong urge to attack something.
You feel your anger subside.
You are no longer berserk.
You are exhausted.
You feel yourself slow down. Aquadorian's ghost hits you!
You die...

###.##.... #......#'#
##...#.#.#
################...#.#.#
#..........#.#.#.(.#.#.#
##.######.<#.#.#...#.#.#
#.# #.#<.#.#.....#.#.#
#.# #.W..#.#.#.#.#.#.#
#.# #@#............#.#
#.# #.#....#.......#.#
#.# #.#.######.#.#.#.#
#.# #.#.#....#.....#.#
..#.#.##[###...#.#
###.#.##.# ###.#.#
#.#....# #.#.# #.#.####
#.#.# ###.#....#####.#.#


You could see Aquadorian's ghost.

Vanquished Creatures
  A hound (D:4)
  Jessica (D:3)
  7 adders
  3 worms
  A giant gecko (D:2)
  2 orcs (D:3)
  3 giant cockroaches
  8 goblins
  9 hobgoblins
  5 kobolds
  A quokka (D:3)
  13 bats
  5 giant newts
  11 rats
70 creatures vanquished.

Notes
Turn   | Place    | Note
--------------------------------------------------------------
     0 | D:1      | TuxedoFelix the Gargoyle Berserker began the quest for the Orb.
     0 | D:1      | Reached XP level 1. HP: 14/14 MP: 1/1
   196 | D:1      | Reached XP level 2. HP: 16/19 MP: 2/2
   622 | D:1      | Reached ** piety under Trog
   769 | D:1      | Reached XP level 3. HP: 23/24 MP: 3/3
  1270 | D:2      | Reached skill level 1 in Throwing
  1295 | D:2      | Reached XP level 4. HP: 27/29 MP: 4/4
  1531 | D:2      | Found an opulent altar of Gozag.
  1531 | D:2      | Found a glowing silver altar of Zin.
  1818 | D:2      | Noticed an earth elemental
  1820 | D:2      | Found a stormy altar of Qazlal.
  1822 | D:2      | Noticed an air elemental
  1822 | D:2      | Noticed a water elemental
  1822 | D:2      | Noticed a fire elemental
  2491 | D:3      | Noticed Jessica
  2502 | D:3      | Killed Jessica
  2502 | D:3      | Reached XP level 5. HP: 22/33 MP: 5/5
  2616 | D:3      | Reached *** piety under Trog
  2807 | D:3      | Found a blossoming altar of Fedhas.
  3510 | D:4      | Reached skill level 4 in Fighting
  3729 | D:4      | Noticed Aquadorian's ghost (novice MiFi)
  3745 | D:4      | HP: 2/49 [Aquadorian's ghost (8)]
  3752 | D:4      | Slain by Aquadorian's ghost

Skill      XL: |  1  2  3  4  5 |
---------------+----------------+-----
Axes           | 3 |  3.6
Dodging        | 2 |  2.6
Throwing       | 1 |  1.4
Armour         | 3 |  3.4
Fighting       | 4 |  4.0
Stealth        | |  0.5

Action                   |  1- 3 |  4- 6 || total
-------------------------+-------+-------++-------
Melee: Hand axe          |   110 |   193 ||   303
Throw: Stone             |    22 |    19 ||    41
       Javelin           |       |     8 ||     8
Invok: Berserk           |       |     1 ||     1
  Eat: Bread ration      |     1 |     2 ||     3
Armor: Scale mail        |    57 |   118 ||   175
Dodge: Dodged            |    70 |   112 ||   182
